AoeStats
← 我是菜鸟 请去打我队友

Arena

506423435Analyzed
4v4 RM · 18d ago on Sep 13, 2026· 34m 44s· 8 players
Game mode
Random Map
Map size
Large (8 player)
Population
200
Speed
Normal
Resources
Standard
Victory
Conquest
Starting age
Dark Age
Ending age
Imperial Age
RankedLock teamsTeams togetherTeam positionsShared explorationLock speedFull tech treeHidden civsTurbo modeCheats
Victory
Defeat
1538
+12
🇩🇪 Britons · Germany
1520
+12
🇹🇷 Burgundians · Türkiye
1467
+14
🇨🇱 Spanish · Chile
1463
+15
🇨🇳 Malians · China
1454
-14
🇺🇸 Georgians · United States
1450
-14
🇩🇪 Britons · Germany
1432
-13
🇨🇳 Cumans · China
1415
-12
jimmy
10:57 Feudal Age
11:22 Loom
15:03 Castle Age
13:06 Horse Collar
13:16 Double-Bit Axe
16:38 Bow Saw
22:06 Wheelbarrow
23:21 Gold Mining
28:29 Imperial Age
25:39 Pikeman
27:45 Scale Mail Armor
27:59 Forging
28:40 Squires
28:38 Halberdier
29:29 Guard Tower
轻绘梨花泪满衣
11:13 Feudal Age
15:18 Castle Age
13:47 Double-Bit Axe
15:11 Horse Collar
21:54 Forging
23:07 Bow Saw
24:26 Iron Casting
25:58 Scale Mail Armor
31:39 Squires
31:25 Arson
Chris Becker
10:35 Feudal Age
15:50 Castle Age
14:24 Double-Bit Axe
15:02 Horse Collar
21:39 Gold Mining
23:26 Fletching
24:23 Wheelbarrow
24:03 Bodkin Arrow
24:36 Padded Archer Armor
26:00 Hand Cart
26:01 Bow Saw
26:30 Loom
27:39 Ballistics
29:30 Yeomen
30:45 Gold Shaft Mining
31:21 Heavy Plow
35:48 Imperial Age
Safari
8:35 Feudal Age
9:18 Double-Bit Axe
9:15 Horse Collar
15:39 Wheelbarrow
21:02 Castle Age
19:44 Scale Barding Armor
19:52 Bloodlines
20:25 Forging
21:34 Gold Mining
22:38 Iron Casting
22:14 Heavy Plow
22:53 Chain Barding Armor
22:37 Capped Ram
27:11 Gold Shaft Mining
CBRM
5:17 Double-Bit Axe
7:22 Horse Collar
10:05 Feudal Age
11:17 Loom
14:18 Castle Age
13:11 Bow Saw
21:11 Heavy Plow
22:11 Wheelbarrow
23:03 Gold Mining
26:45 Imperial Age
24:22 Scale Mail Armor
25:04 Forging
25:12 Squires
27:07 Arson
28:07 Iron Casting
27:50 Chain Mail Armor
29:01 Iron Casting
29:16 Capped Ram
31:15 Plate Mail Armor
31:12 Pikeman
33:16 Blast Furnace
34:00 Scale Barding Armor
34:03 Burgundian Vineyards
34:18 Conscription
34:34 Hand Cart
35:26 Chain Barding Armor
Ritter Karin
10:04 Feudal Age
10:55 Loom
14:04 Castle Age
12:41 Double-Bit Axe
13:05 Horse Collar
16:41 Bow Saw
21:59 Fletching
23:23 Wheelbarrow
23:52 Bodkin Arrow
23:51 Gold Mining
24:42 Padded Archer Armor
26:36 Ballistics
28:53 Imperial Age
27:30 Hand Cart
28:31 Yeomen
28:31 Stone Mining
29:06 Heavy Plow
29:44 Gold Shaft Mining
29:40 Bracer
30:06 Conscription
30:32 Leather Archer Armor
30:46 Elite Longbowman
32:26 Hoardings
32:03 Masonry
34:18 Two-Man Saw
34:07 Ring Archer Armor
35:11 Warwolf
我是菜鸟 请去打我队友
11:13 Feudal Age
14:58 Castle Age
13:03 Double-Bit Axe
13:17 Horse Collar
15:57 Bow Saw
15:51 Heavy Plow
22:41 Szlachta Privileges
23:03 Scale Barding Armor
23:07 Loom
23:41 Forging
24:16 Husbandry
24:26 Bloodlines
25:38 Chain Barding Armor
26:08 Iron Casting
Criminalss
9:22 Feudal Age
11:07 Loom
15:59 Castle Age
14:26 Double-Bit Axe
16:30 Wheelbarrow
18:16 Bow Saw
18:32 Horse Collar
21:06 Heavy Plow
22:48 Wheelbarrow
22:42 Gold Mining
25:10 Masonry
27:24 Fletching
28:11 Hand Cart
29:31 Hand Cart
30:15 Bodkin Arrow
31:07 Scale Mail Armor
31:09 Padded Archer Armor
34:30 Hand Cart
Connection lost

Rejoining the realm…

Still unreachable

The connection could not be restored.

Session expired

The server has moved on; the page needs a fresh start.